 Dungeon Crawl Stone Soup version 0.28.0 (webtiles) character file.

Game seed: 5070035332135046219

6 hikkokomori the Shield-Bearer (level 2, -1/24 HPs)
             Began as a Formicid Fighter on Feb 14, 2022.
             Slain by a goblin (2 damage)
             ... on level 1 of the Dungeon.
             The game lasted 00:00:16 (261 turns).

hikkokomori the Shield-Bearer (Formicid Fighter)     Turns: 261, Time: 00:00:16

Health: -1/24      AC:  6    Str: 20    XL:     2   Next: 0%
Magic:  2/2        EV:  9    Int:  7    God:
Gold:   0          SH:  4    Dex: 10    Spells: 1/1 levels left

rFire   . . .      SeeInvis +   a - +0 war axe
rCold   . . .      Faith    .   c - +0 buckler
rNeg    . . .      Spirit   .   b - +0 scale mail
rPois   .          Reflect  .   (helmet unavailable)
rElec   .          Harm     .   (no cloak)
rCorr   .          Rampage  .   (no gloves)
Will    .....                   (no boots)
Stlth   ..........              (no amulet)
HPRegen 0.08/turn               (no ring)
MPRegen 0.08/turn               (no ring)

@: lethally poisoned (-1 -> -24)
A: permanent stasis, dig shafts and tunnels, antennae 3, four strong arms
a: Dig, Shaft Self


You were on level 1 of the Dungeon.
You visited 1 branch of the dungeon, and saw 1 of its levels.

Inventory:

Hand Weapons
 a - a +0 war axe (weapon)
Armour
 b - a +0 scale mail (worn)
 c - a +0 buckler (worn)
Scrolls
 e - a scroll of teleportation {unknown}
Potions
 d - a potion of might


   Skills:
 + Level 3.4 Fighting
 + Level 2.1 Axes
 + Level 3.4 Armour
 + Level 3.7 Shields


You had one spell level left.
You didn't know any spells.
Your spell library was empty.

Dungeon Overview and Level Annotations

Branches:
Dungeon (1/15)

Altars:


Innate Abilities, Weirdness & Mutations

You cannot be hasted, slowed, berserked, paralysed or teleported.
You can dig through walls and to a lower floor.
You have a pair of large antennae on your head. (SInv)
Your four strong arms can wield two-handed weapons with a shield.


Message History

a +0 dagger; a goblin corpse You see here a +0 dagger.
You open the door.
A dart slug and a kobold come into view.
The kobold is wielding a +2 whip of venom.
The kobold shouts!
You hear a shout!
The kobold throws a stone.
The stone barely misses you.
There are monsters nearby!
There are monsters nearby!
A goblin comes into view. It is wielding a +0 dagger.
The goblin shouts!
There is an open door here.
The dart slug launches a dart at you. The slug dart misses you.
The kobold hits you but does no damage.
You are poisoned.
You barely miss the kobold.
You feel very sick.
The kobold hits you with a +2 whip of venom.
You closely miss the goblin. You hit the dart slug.
You closely miss the kobold.
You feel very sick.
The kobold hits you with a +2 whip of venom.
The goblin hits you with a +0 dagger. The dart slug barely misses you.
The kobold hits you with a +2 whip of venom.
* * * LOW HITPOINT WARNING * * *
You are lethally poisoned!
You are too injured to fight recklessly!
You are too injured to fight recklessly!
Unknown command.
You are too injured to fight recklessly!
You barely miss the kobold. You barely miss the goblin. You hit the dart slug.
* * * LOW HITPOINT WARNING * * *
You feel very sick. The goblin closely misses you.
The dart slug closely misses you.
The kobold hits you with a +2 whip of venom.
* * * LOW HITPOINT WARNING * * *
You are more poisoned.
The goblin hits you with a +0 dagger.
You die...

.#### ######.##### #.# ....#
#.# #.####### .##.# #.#
#.......# .##.# ##+# #.#####.#
.##.## ##...# #.# #.# .....#
##.....## #.### #.# ###.)#
#.......## ###...###.#
....†####......g..###.....)..)#
........+......K@.'.......##..#
##...####......w..###.........#
##..# #.......## #.#.#.##.##
####.# ##.....## #.#...##.#
...#.## ##...# #.#.####.#
##....# ##+# #.#.# #.# ......#
#.#.####.# .#....# ##.
#........# ...#### .... ###
###.######


You could see a dart slug, a goblin and a kobold.

Vanquished Creatures
  An endoplasm (D:1)
  2 goblins (D:1)
  A ball python (D:1)
  A bat (D:1)
  A kobold (D:1)
6 creatures vanquished.

Notes
Turn   | Place    | Note
-------+----------+-------------------------------------------
     0 | D:1      | hikkokomori the Formicid Fighter began the quest for the
                  | Orb.
     0 | D:1      | Reached XP level 1. HP: 18/18 MP: 1/1
   222 | D:1      | Reached XP level 2. HP: 24/24 MP: 2/2
   261 | D:1      | HP: 1/24 [kobold (1)]
   261 | D:1      | Slain by a goblin

Illustrated notes

Levels and vault maps discovered:
D:1:      wander_arrival_chamber, layout_loops_corners,
          shapermc_ecumenical_altar_rom_forum

Action                   || total
-------------------------++-------
Melee: War axe           ||    19
Armor: Scale mail        ||     7
Dodge: Dodged            ||     7
Block: Buckler           ||     6
